 Dungeon Crawl Stone Soup version 0.23-a0-445-g768d57b (webtiles) character file.

4258 Azzok the Destroyer (level 10, 63/63 HPs)
             Began as a Demonspawn Fire Elementalist on Nov 17, 2018.
             Quit the game on level 8 of the Dungeon.
             The game lasted 00:13:51 (8727 turns).

Azzok the Destroyer (Demonspawn Fire Elementalist)  Turns: 8727, Time: 00:13:52

Health: 63/63      AC:  5    Str: 13    XL:     10   Next: 10%
Magic:  17/31      EV: 14    Int: 28    God:
Gold:   196        SH:  0    Dex: 13    Spells: 12/25 levels left

rFire    . . .     SeeInvis .   J - +2 hand axe (elec)
rCold    . . .     Gourm    .   (no shield)
rNeg     + . .     Faith    .   i - -1 robe (curse)
rPois    .         Spirit   .   n - +1 helmet of Resourcefulness {-Tele rN+ Str+4 Int+4}
rElec    .         Reflect  .   v - +0 cloak
rCorr    .         Harm     .   q - +0 pair of gloves
MR       .....     NoTele   +   (no boots)
Stlth    +++.......             r - amulet of regeneration
HPRegen  0.60/turn              j - +4 ring of intelligence
MPRegen  0.22/turn              y - ring of magical power

@: no status effects
A: repulsion field 1, nightstalker 1, powered by pain 2
a: no special abilities


You were on level 8 of the Dungeon.
You were not hungry.

You visited 2 branches of the dungeon, and saw 9 of its levels.

You collected 196 gold pieces.

Inventory:

Hand Weapons
 u - a +4 quarterstaff of chaos
 w - a +2 flail of draining
 J - a +2 hand axe of electrocution (weapon)
Armour
 i - a cursed -1 robe (worn)
 n - the +1 helmet of Resourcefulness (worn) {-Tele rN+ Str+4 Int+4}
   (You took it off Robin on level 2 of the Dungeon)

   It affects your strength (+4).
   It affects your intelligence (+4).
   It protects you from negative energy.
   It prevents most forms of teleportation.
 q - a +0 pair of gloves (worn)
 v - a +0 cloak (worn)
 C - the +0 ring mail of Himp {MR+++ Str-4 Dex+4, unknown}
   (You found it on level 8 of the Dungeon)

   It affects your strength (-4).
   It affects your dexterity (+4).
   It affects your resistance to hostile enchantments.
Jewellery
 j - a +4 ring of intelligence (left hand)
 r - an amulet of regeneration (around neck)
 y - a ring of magical power (right hand)
 E - an uncursed amulet of the acrobat {unknown}
Wands
 f - a wand of flame (39)
 F - a wand of polymorph (6)
 H - a wand of enslavement (9)
Scrolls
 d - 8 scrolls of identify {unknown}
 e - 3 scrolls of noise {unknown}
 g - a scroll of magic mapping {unknown}
 h - 2 scrolls of random uselessness {unknown}
 k - 5 scrolls of remove curse {unknown}
 l - 4 scrolls of blinking {unknown}
 o - a scroll of amnesia {unknown}
 s - a scroll of enchant weapon {unknown}
 t - 4 scrolls of teleportation {unknown}
 x - a scroll of enchant armour {unknown}
 D - a scroll of immolation {unknown}
 I - a scroll of fear {unknown}
Potions
 a - 2 potions of lignification {unknown}
 b - a potion of resistance {unknown}
 m - a potion of curing {unknown}
 p - a potion of agility {unknown}
 z - a potion of berserk rage {unknown}
 A - 2 potions of invisibility {unknown}
 B - a potion of heal wounds
 G - 2 potions of flight {unknown}
Comestibles
 c - 9 rations
 K - 2 chunks of flesh


   Skills:
 - Level 1.7 Dodging
 - Level 1.7 Stealth
 + Level 8.0 Spellcasting
 + Level 8.5 Conjurations
 + Level 8.3 Fire Magic


You had 12 spell levels left.
You knew the following spells:

 Your Spells              Type           Power        Failure   Level  Hunger
a - Flame Tongue          Conj/Fire      #####        1%          1    None
b - Conjure Flame         Conj/Fire      ######..     1%          3    None
c - Sticky Flame          Conj/Fire      ######..     1%          4    ##.....
d - Fireball              Conj/Fire      ######....   4%          5    ####...

Your spell library contained the following spells:

 Spells                   Type           Power        Failure   Level  Hunger
 Throw Flame              Conj/Fire      ######       1%          2    None
 Inner Flame              Hex/Fire       ####....     2%          3    None


Dungeon Overview and Level Annotations

Branches:
Dungeon (8/15)             Temple (1/1) D:6
   Lair: D:8-11

Altars:
Ashenzari
Dithmenos
Elyvilon
Gozag
Hepliaklqana
Makhleb
Nemelex Xobeh
Okawaru
Qazlal
Ru
Sif Muna
Trog
Uskayaw
Wu Jian
Xom
Yredelemnul
Zin
The Shining One

Shops:
D:5 !

Annotations:
D:5 3 runed doors, Agosen's ghost, novice DsFi


Innate Abilities, Weirdness & Mutations

You are surrounded by a mild repulsion field. (EV +2)
You are slightly more attuned to the shadows.
You sometimes gain power by taking damage.


Message History

The two-headed ogre is severely wounded.
Casting: Flame Tongue (safe; 1% risk of failure)
Confirm with . or Enter, or press ? or * to list all spells.
Aiming: Flame Tongue (safe; 1% risk of failure)
Press: ? - help, Shift-Dir - straight line, f/p - two-headed ogre
Aim: a two-headed ogre, wielding a +0 giant club and a -3 giant spiked club The flame tongue hits the two-headed ogre.
The two-headed ogre is almost dead.
Casting: Flame Tongue (safe; 1% risk of failure)
Confirm with . or Enter, or press ? or * to list all spells.
Aiming: Flame Tongue (safe; 1% risk of failure)
Press: ? - help, Shift-Dir - straight line, f/p - two-headed ogre
Aim: a two-headed ogre, wielding a +0 giant club and a -3 giant spiked club The flame tongue hits the two-headed ogre.
You kill the two-headed ogre!
Your Spellcasting skill increases to level 8!
You have reached level 10!
Your demonic ancestry asserts itself...
You slip into the darkness of the dungeon.
Are you sure you want to abandon this character and quit the game? (Confirm

(··▒·▒▒ ▒·····<·▒
···▒·▒ ▒▒╬▒·······▒▒
···<· ············▒▒ ▒
▒·▒·▒▒·▒············
▒·▒··)·▒·▒············
▒·············▒▒▒▒▒·▒▒
▒··)········ ▒·▒ ▒·▒§▒
··▒···▒ ▒·▒ ▒▒ ▒·▒@▒ ▒
▒···▒ ▒·· ▒···▒···▒
▒···▒ ▒··
▒···▒▒▒▒▒▒···▒ ▒··▒
▒··▒·········▒ ··>▒
▒▒▒·▒▒▒·▒······▒ ··▒
▒▒·······▒
▒▒▒·▒▒▒·▒······▒
▒·▒·▒▒······▒
▒·▒▒▒▒▒·▒▒·▒


There were no monsters in sight!

Vanquished Creatures
  A two-headed ogre (D:8)
  2 hippogriffs (D:7)
  Eustachio (D:6)
  2 hungry ghosts
  Edmund (D:4)
  A water moccasin (D:7)
  Duvessa (D:6)
  An orc warrior (D:7)
  2 sky beasts
  An ice beast (D:7)
  2 phantoms
  3 ogres
  3 centaurs (D:7)
  Blork the orc (D:4)
  2 bullfrogs
  Dowan (D:6)
  2 howler monkeys (D:7)
  5 wights (D:8)
  6 crimson imps
  A bullfrog zombie (D:7)
  2 hounds
  3 orc priests
  Crazy Yiuf (D:3)
  An orc wizard (D:7)
  Jessica (D:2)
  2 iguanas
  3 worker ants
  2 killer bee zombies (D:7)
  2 hound skeletons
  Robin (D:2)
  11 gnolls
  A howler monkey skeleton (D:5)
  10 adders
  2 shadow imps
  An ooze (D:1)
  2 adder skeletons (D:4)
  A worm (D:4)
  2 dart slugs
  2 leopard geckos
  13 orcs
  2 ball pythons
  4 giant cockroaches
  8 goblins
  13 hobgoblins
  A quokka (D:2)
  3 bats
  4 frilled lizards
  9 kobolds
  2 leopard gecko skeletons
  3 rats
151 creatures vanquished.

Notes
Turn   | Place    | Note
-------+----------+-------------------------------------------
     0 | D:1      | Azzok the Demonspawn Fire Elementalist began the quest for
                  | the Orb.
     0 | D:1      | Reached XP level 1. HP: 13/13 MP: 3/3
  1106 | D:1      | Gained mutation: You are surrounded by a mild repulsion
                  | field. (EV +2) [demonic ancestry]
  1106 | D:1      | Reached XP level 2. HP: 19/19 MP: 0/5
  1459 | D:2      | Reached XP level 3. HP: 17/24 MP: 0/6
  1633 | D:2      | Noticed Jessica
  1645 | D:2      | Killed Jessica
  1760 | D:2      | Reached XP level 4. HP: 22/30 MP: 1/8
  2465 | D:2      | Learned a level 3 spell: Conjure Flame
  2501 | D:2      | Learned a level 4 spell: Sticky Flame
  2672 | D:2      | Identified the +1 helmet of Resourcefulness {-Tele rN+
                  | Str+4 Int+4}
  2672 | D:2      | Noticed Robin
  2708 | D:2      | Killed Robin
  2708 | D:2      | Gained mutation: You sometimes gain a little power by
                  | taking damage. [demonic ancestry]
  2708 | D:2      | Reached XP level 5. HP: 32/35 MP: 3/9
  2896 | D:2      | Found a bloodstained altar of Trog.
  3024 | D:3      | Found a runed door.
  3174 | D:3      | Found a white marble altar of Elyvilon.
  3611 | D:3      | Found a faded altar of an unknown god.
  3642 | D:3      | Found an opulent altar of Gozag.
  4022 | D:3      | Noticed Crazy Yiuf
  4028 | D:3      | Killed Crazy Yiuf
  4028 | D:3      | Gained mutation: You sometimes gain power by taking damage.
                  | [demonic ancestry]
  4028 | D:3      | Reached XP level 6. HP: 41/41 MP: 4/11
  4117 | D:4      | Noticed Edmund
  4126 | D:4      | Killed Edmund
  4516 | D:4      | Noticed Blork the orc
  4556 | D:4      | Killed Blork the orc
  4556 | D:4      | Reached XP level 7. HP: 46/46 MP: 12/13
  4931 | D:5      | Entered Level 5 of the Dungeon
  4944 | D:5      | Found a runed gate.
  4951 | D:5      | Found Pyr Hia's Distillery.
  5261 | D:5      | Reached skill level 5 in Fire Magic
  5281 | D:5      | Found a runed gate.
  5281 | D:5      | Found a runed gate.
  5736 | D:5      | Noticed Agosen's ghost (novice DsFi)
  5781 | D:6      | Found a staircase to the Ecumenical Temple.
  5795 | Temple   | Entered the Ecumenical Temple
  6130 | D:6      | Reached skill level 5 in Conjurations
  6143 | D:6      | Reached skill level 5 in Spellcasting
  6240 | D:6      | Noticed Duvessa
  6240 | D:6      | Noticed Dowan
  6250 | D:6      | Killed Duvessa
  6250 | D:6      | Reached XP level 8. HP: 22/52 MP: 15/15
  6254 | D:6      | Killed Dowan
  6423 | D:6      | Noticed Eustachio
  6430 | D:6      | Killed Eustachio
  6542 | D:6      | Found a stormy altar of Qazlal.
  6874 | D:7      | Noticed a hippogriff
  6887 | D:7      | Killed a hippogriff
  7092 | D:7      | Reached XP level 9. HP: 53/57 MP: 14/18
  7619 | D:7      | Learned a level 5 spell: Fireball
  8352 | D:7      | Found a hazy altar of Hepliaklqana.
  8626 | D:8      | Got a twisted ring mail
  8712 | D:8      | Noticed a two-headed ogre
  8726 | D:8      | Killed a two-headed ogre
  8726 | D:8      | Gained mutation: You are slightly more attuned to the
                  | shadows. [demonic ancestry]
  8726 | D:8      | Reached XP level 10. HP: 63/63 MP: 16/22
  8727 | D:8      | Quit the game

Vault maps used:
D:1:      evilmike_arrival_plus
D:2:      cheibrodos_pilgrimage, nicolae_overflow_hidden_temple, uniq_jessica,
          uniq_robin
D:3:      marbit_many_paths, overflow_temple_1_default,
          chequers_ecumenical_altar_lobes, first_ration, uniq_crazy_yiuf_cottage
D:4:      moated_statue, uniq_edmund, uniq_blork_the_orc
D:5:      ebering_ghost_rock_garden, serial_shops, shop
D:6:      kennysheep_mini, minmay_temple_entry_stoned_glass, uniq_duvessa,
          uniq_eustachio
D:7:      overflow_temple_1_default
D:8:      minmay_razor_zed, grunt_temple_overflow_growth_and_decay,
          slow_altar_1, basic_altar, the_bakery
Temple:   oiseaux_autumnal_temple

Skill      XL: |  1  2  3  4  5  6  7  8  9 |
---------------+----------------------------+-----
Fire Magic     | 3 4 5 6 8 |  8.3
Conjurations   | 2 3 4 5 6 8 |  8.5
Spellcasting   | 3 4 5 6 8 |  8.0
Dodging        | |  1.7
Stealth        | |  1.7

Action                   |  1- 3 |  4- 6 |  7- 9 | 10-12 || total
-------------------------+-------+-------+-------+-------++-------
Melee: Unarmed           |    18 |     3 |       |       ||    21
       Dagger            |       |     5 |       |       ||     5
       Quarterstaff      |       |    15 |    50 |       ||    65
       Hand axe          |       |       |     8 |       ||     8
 Cast: Flame Tongue      |    36 |   100 |   196 |     1 ||   333
       Conjure Flame     |       |     1 |     7 |       ||     8
       Sticky Flame      |       |     3 |    16 |       ||    19
       Fireball          |       |       |     3 |       ||     3
  Use: Potion            |     1 |       |       |       ||     1
 Stab: Sleeping          |       |     1 |     3 |       ||     4
  Eat: Chunk             |     3 |     9 |    12 |       ||    24
       Ration            |       |       |     1 |       ||     1
Armor: Robe              |     1 |     6 |    31 |       ||    38
Dodge: Dodged            |    21 |    35 |    94 |       ||   150

Table legend:
 A = Non-vault XP
 B = Vault XP
 C = Vault XP percentage of total XP
 D = Non-vault monster count
 E = Vault monster count
 F = Vault count percentage of total count
                 A         B        C        D         E       F
            +---------+---------+-------+---------+---------+-------
      Total |    5250 |     833 |  13.7 |     128 |      23 |  15.2
            +---------+---------+-------+---------+---------+-------
        D:1 |      18 |       0 |   0.0 |       8 |       0 |   0.0
        D:2 |      71 |     126 |  64.0 |      19 |      16 |  45.7
        D:3 |     135 |      42 |  23.7 |      21 |       2 |   8.7
        D:4 |     111 |     251 |  69.3 |      12 |       2 |  14.3
        D:5 |     245 |       0 |   0.0 |      10 |       0 |   0.0
        D:6 |     505 |     414 |  45.0 |      11 |       3 |  21.4
        D:7 |    2484 |       0 |   0.0 |      34 |       0 |   0.0
        D:8 |    1681 |       0 |   0.0 |      13 |       0 |   0.0
            +---------+---------+-------+---------+---------+-------
